 Dungeon Crawl Stone Soup version 0.31-a0-149-g3fdcc5976a (webtiles) character file.

Game seed: 18121426823379618179

25 IdlyInterested the Trooper (level 2, 0/24 HPs)
             Began as a Demonspawn Fighter on June 7, 2023.
             Slain by a gnoll
             ... wielding a +0 flail
              (1 damage)
             ... on level 2 of the Dungeon.
             The game lasted 00:02:01 (882 turns).

IdlyInterested the Trooper (Demonspawn Fighter)      Turns: 882, Time: 00:02:02

Health: 0/24       AC:  7    Str: 16    XL:     2   Next: 86%
Magic:  2/2        EV:  9    Int:  9    God:
Gold:   34         SH:  4    Dex: 12    Spells: 1/1 levels left

rFire   . . .        a - +0 war axe
rCold   . . .        c - +0 buckler
rNeg    . . .        b - +0 scale mail
rPois   .            (no helmet)
rElec   .            (no cloak)
rCorr   .            (no gloves)
SInv    .            l - +0 pair of boots
Will    .....        (no amulet) Stlth
                     (no ring)
HPRegen 0.24/turn    (no ring)
MPRegen 0.08/turn

%: no passive effects
@: no status effects
A: weakness stinger 1
a: no special abilities


You were on level 2 of the Dungeon.
You visited 1 branch of the dungeon, and saw 2 of its levels.

You collected 34 gold pieces.

Inventory:

Hand Weapons
 a - a +0 war axe (weapon)
Missiles
 k - 5 stones
Armour
 b - a +0 scale mail (worn)
 c - a +0 buckler (worn)
 l - a +0 pair of boots (worn)
Scrolls
 e - 2 scrolls of noise {unknown}
 f - a scroll of magic mapping {unknown}
 g - a scroll of torment {unknown}
 h - 2 scrolls of identify {unknown}
 j - a scroll of fog {unknown}
 m - a scroll of summoning {unknown}
Potions
 d - a potion of might
 i - a potion of degeneration {unknown}
 n - a potion of enlightenment {unknown}


   Skills:
 + Level 3.4 Fighting
 - Level 2.0 Axes
 - Level 3.0 Armour
 - Level 1.0 Dodging
 * Level 0.0 Stealth
 - Level 2.6 Shields


You had one spell level left.
You didn't know any spells.
Your spell library contained the following spells:

 Spells                   Type           Power      Damage    Failure   Level
 Sting                    Tmut/Pois      0%         1d3       88%         1
 Poisonous Vapours        Pois/Air       0%         N/A       96%         2
 Olgreb's Toxic Radiance  Pois           0%         N/A       100%        4


Dungeon Overview and Level Annotations

Branches:
Dungeon (2/15)

Altars:

Shops:
D:2 [


Innate Abilities, Weirdness & Mutations

You have a small tail.


Message History

You hit the ball python.
You kill the ball python!
A gnoll comes into view. It is wielding a +0 flail.
Found a scroll labelled BAEMUCV AFFEP.
The gnoll shouts!
Found 7 gold pieces.
An endoplasm comes into view.
A gnoll comes into view. It is wielding a +0 whip.
The endoplasm quivers.
The gnoll shouts!
You hear a shout!
A gnoll comes into view. It is wielding a +0 spear.
The gnoll shouts!
You block the gnoll's attack.
You see here 5 stones.
You closely miss the gnoll. The gnoll hits you but does no damage.
You barely miss the gnoll. You hit the endoplasm. The endoplasm freezes you.
You are frozen.
The gnoll hits you from afar with a +0 spear.
The gnoll hits you with a +0 whip.
You slash the gnoll!
The gnoll is heavily wounded.
You hit the endoplasm. You completely miss the gnoll.
The endoplasm freezes you.
You are frozen.
* * * LOW HITPOINT WARNING * * *
The gnoll closely misses you. The gnoll hits you with a +0 flail.
* * * LOW HITPOINT WARNING * * *
The gnoll hits you with a +0 whip.
* * * LOW HITPOINT WARNING * * *
You hit the gnoll but do no damage.
The gnoll is heavily wounded.
You hit the endoplasm.
You kill the endoplasm!
You closely miss the gnoll. The gnoll closely misses you. x2
A gnoll comes into view. It is wielding a +0 spear.
The gnoll hits you from afar with a +0 spear.
* * * LOW HITPOINT WARNING * * *
The gnoll hits you but does no damage. x2; The gnoll hits you with a +0 flail.
You die...

#.### #...
.#.... ...
......##.#
#.......##
#....†<..#
######...#
#...# #...#
#.@.# #gg.#
#..g# ...g.
.....?.
.....$...
####...####
.....


You could see 4 gnolls.

Vanquished Creatures
  A dart slug (D:2)
  4 ball pythons
  3 bats (D:1)
  2 endoplasms
  A giant cockroach (D:1)
  2 goblins (D:1)
  A hobgoblin (D:1)
  A quokka (D:1)
  3 frilled lizards
  6 rats (D:1)
24 creatures vanquished.

Notes
Turn   | Place    | Note
-------+----------+-------------------------------------------
     0 | D:1      | IdlyInterested the Demonspawn Fighter began the quest for
                  | the Orb.
     0 | D:1      | Reached XP level 1. HP: 18/18 MP: 1/1
   264 | D:1      | Discovered your monstrous ancestry.
   264 | D:1      | Gained mutation: You have a small tail. [demonic ancestry]
   264 | D:1      | Reached XP level 2. HP: 24/24 MP: 2/2
   394 | D:1      | You fall into a shaft and drop 1 floor!
   754 | D:2      | Found Cuurghofuck's Antique Armour Shop.
   874 | D:2      | Reached skill level 1 in Dodging
   881 | D:2      | HP: 1/24 [gnoll/+0 whip (2)]
   882 | D:2      | Slain by a gnoll

Illustrated notes

Levels and vault maps discovered:
D:1:      scummos_arrival_gate, layout_loops_ring, kennysheep_nondescript,
          hangedman_abyss_or_decor_lesser_grid
D:2:      layout_loops_cross, serial_shops, shop, shop, nicolae_shop_waterfront,
          shop, nicolae_shop_waterfront

Skill      XL: |  1  2 |
---------------+-------+-----
Axes           | 2 |  2.0
Armour         | 3 |  3.0
Dodging        | 1 |  1.0
Fighting       | |  3.4
Shields        | |  2.6

Action                     || total
---------------------------++-------
  Melee: War axe           ||    53
         Tailslap          ||     5
 Armour: Scale mail        ||    30
  Dodge: Dodged            ||    31
  Block: Buckler           ||     9

Table legend: (Time is in decaauts)
 A = Elapsed time spent in this place.
 B = Non-inter-level travel time spent in this place.
 C = Inter-level travel time spent in this place.
 D = Time resting spent in this place.
 E = Time spent auto-exploring this place.
 F = Levels seen in this place.
 G = Mean time per level.
                   A        B        C        D        E       F      G
               +--------+--------+--------+--------+--------+-----+--------+
         Total |    905 |    778 |    127 |     35 |    546 |   2 |  452.5 |
       Dungeon |    905 |    778 |    127 |     35 |    546 |   2 |  452.5 |
               +--------+--------+--------+--------+--------+-----+--------+

Top non-repeatable levels by time:
     D:1: 854 daAuts
     D:2: 50 daAuts
